 Dungeon Crawl Stone Soup version 0.30.0-3-ga4e48a9924 (webtiles) character file.

Game seed: 10227060946305295185

151 olmar the Covered (level 5, -2/33 HPs)
             Began as a Gargoyle Fighter on May 7, 2023.
             Slain by an orc wizard
             ... wielding a +0 dagger
              (3 damage)
             ... on level 4 of the Dungeon.
             The game lasted 00:04:00 (2565 turns).

olmar the Covered (Gargoyle Fighter)                Turns: 2565, Time: 00:04:00

Health: -2/33      AC: 13    Str: 21    XL:     5   Next: 33%
Magic:  5/5        EV: 14    Int:  9    God:
Gold:   151        SH:  0    Dex: 12    Spells: 4/4 levels left

rFire   . . .        a - +0 flail
rCold   . . .        c - +0 buckler
rNeg    + . .        b - +0 scale mail
rPois   ∞            (no helmet)
rElec   +            (no cloak)
rCorr   .            g - +1 pair of gloves {Dex+3}
SInv    .            (no boots)
Will    .....        (no amulet) Stlth
                     l - +5 ring of evasion
HPRegen 0.25/turn    (no ring)
MPRegen 0.09/turn

%: no passive effects
@: confused, mighty
A: sickness immunity, AC +4, negative energy resistance 1, electricity
resistance, torment resistance 1, petrification resistance
a: no special abilities


You were on level 4 of the Dungeon.
You visited 1 branch of the dungeon, and saw 4 of its levels.

You collected 151 gold pieces.

Inventory:

Hand Weapons
 a - a +0 flail (weapon)
 o - a +2 dagger of venom
 t - a +0 morningstar
Armour
 b - a +0 scale mail (worn)
 c - a +0 buckler (worn)
 g - a +1 pair of gloves of dexterity (worn)
 u - an orb of mayhem
Jewellery
 l - a +5 ring of evasion (left hand)
Scrolls
 e - a scroll of magic mapping {unknown}
 f - a scroll of fog
 h - a scroll of blinking {unknown}
 i - a scroll of fear {unknown}
 j - a scroll of enchant armour {unknown}
 m - a scroll of immolation {unknown}
 n - 2 scrolls of silence
 p - 2 scrolls of teleportation
 q - a scroll of butterflies
 r - a scroll of brand weapon {unknown}
Potions
 k - 2 potions of flight


   Skills:
 + Level 3.8 Fighting
 + Level 3.7 Maces & Flails
 + Level 4.1 Armour
 + Level 0.9 Dodging
 + Level 3.9 Shields


You had 4 spell levels left.
You didn't know any spells.
Your spell library contained the following spells:

 Spells                   Type           Power      Damage    Failure   Level
 Summon Small Mammal      Summ           0%         N/A       78%         1
 Call Canine Familiar     Summ           0%         N/A       98%         3
 Ozocubu's Armour         Ice            0%         N/A       98%         3
 Summon Guardian Golem    Hex/Summ       0%         N/A       98%         3
 Metabolic Englaciation   Hex/Ice        0%         N/A       100%        5
 Simulacrum               Ice/Necr       0%         N/A       100%        6


Dungeon Overview and Level Annotations

Branches:
Dungeon (4/15)
 Temple: D:4-7

Altars:


Innate Abilities, Weirdness & Mutations

You are immune to sickness and miasma.
Your stone body is resilient. (AC +4)
You are immune to poison.
You resist negative energy. (rN+)
You are resistant to electric shocks. (rElec)
You are resistant to unholy torment.
You are immune to petrification.


Message History

You kill the endoplasm!
The orc wizard gestures wildly while chanting.
The orc wizard flickers and vanishes!
Deactivating autopickup; reactivate with Ctrl-A.
Unknown command.
Something hits you but does no damage. Something completely misses you.
Things that are here:
a +0 flail; a +0 leather armour; an orc corpse You bump into the rock wall.
Unknown command.
You miss the orc.
The orc is severely wounded.
Something hits you but does no damage. The orc barely misses you.
Something hits you but does no damage.
Unknown command.
You closely miss something.
You hear some strange, mumbled words.
A puff of flame appears from out of thin air!
The puff of flame hits you!
* * * LOW HITPOINT WARNING * * *
Something hits you but does no damage. The orc closely misses you.
You bump into the rock wall.
Something hits you but does no damage. The orc completely misses you.
Something hits you but does no damage. The orc attacks as you move away!
The orc closely misses you.
An orc wizard appears from thin air!
Reactivating autopickup.
Unknown command.
Unknown command.
You bump into the rock wall.
You hear some strange, mumbled words.
Deactivating autopickup; reactivate with Ctrl-A.
Something tries to affect you, but you resist.
Unknown command.
You're too confused to move!
The orc wizard hits you with a +0 dagger.
* * * LOW HITPOINT WARNING * * *
Something hits you.
You die...

............................
#.#####..##############..#.
#........## .....#.
+.........# ###.....
#.........### .........
#...........## ..........
###########..## ...........
###).#.[..........
#@oo...!..........
#########o....###...#.....
#.......(......# #.....
#..............# #.####
##.....:.........#
.........!.....#.#
..........######...
..........# #.# ..........#
.#


You could see an orc wizard and 2 orcs.

Vanquished Creatures
  An iguana (D:4)
  2 adders (D:4)
  An ufetubus (D:4)
  2 dart slugs
  A worm (D:2)
  11 orcs
  3 ball pythons
  7 endoplasms
  3 giant cockroaches
  6 goblins
  6 hobgoblins
  6 jackals
  7 kobolds
  A quokka (D:1)
  13 bats
  3 frilled lizards (D:1)
  9 rats
82 creatures vanquished.

Vanquished Creatures (others)
  A plant (D:3)
1 creature vanquished.

Grand Total: 83 creatures vanquished

Notes
Turn   | Place    | Note
-------+----------+-------------------------------------------
     0 | D:1      | olmar the Gargoyle Fighter began the quest for the Orb.
     0 | D:1      | Reached XP level 1. HP: 14/14 MP: 1/1
   186 | D:1      | Reached XP level 2. HP: 19/19 MP: 2/2
   361 | D:1      | Reached XP level 3. HP: 23/24 MP: 3/3
  1214 | D:2      | Reached XP level 4. HP: 27/29 MP: 4/4
  2342 | D:4      | Reached skill level 4 in Armour
  2342 | D:4      | Reached XP level 5. HP: 13/33 MP: 5/5
  2565 | D:4      | HP: 1/33 [orc wizard/+0 dagger (3)]
  2565 | D:4      | Slain by an orc wizard

Illustrated notes

Levels and vault maps discovered:
D:1:      denvon_arrival_planthouse, layout_loops_ring,
          chequers_serial_rivers_micro_e, minmay_misc_feat_iff
D:2:      minmay_skewed_foursquare, layout_basic
D:3:      layout_basic, serial_bayou, serial_bayou_pond_e, serial_bayou_shore_b,
          serial_bayou_ford_a, serial_bayou_shore_b
D:4:      layout_basic, minmay_temple_entry_glassed_door, uniq_ijyb

Skill      XL: |  1  2  3  4 |
---------------+-------------+-----
Maces & Flails | 3 |  3.7
Armour         | 4 |  4.1
Fighting       | |  3.8
Dodging        | |  0.9
Shields        | |  3.9

Action                     |  1- 3 |  4- 6 || total
---------------------------+-------+-------++-------
  Melee: Flail             |   140 |   127 ||   267
    Use: Scroll            |     3 |     5 ||     8
         Potion            |       |     5 ||     5
 Armour: Scale mail        |    82 |    75 ||   157
  Dodge: Dodged            |    67 |    68 ||   135
  Block: Buckler           |    33 |    22 ||    55
